 Dungeon Crawl Stone Soup version 0.30-a0-1066-g63dfefce0d (webtiles) character file.

Game seed: 14479308420284288425

82 hwolsky the Trooper (level 4, -1/41 HPs)
             Began as a Minotaur Fighter on Apr 12, 2023.
             Killed from afar by an orc wizard (8 damage)
             ... with a puff of flame
             ... on level 3 of the Dungeon.
             The game lasted 00:12:51 (2480 turns).

hwolsky the Trooper (Minotaur Fighter)              Turns: 2480, Time: 00:12:52

Health: -1/41      AC:  7    Str: 23    XL:     4   Next: 21%
Magic:  1/1        EV:  9    Int:  5    God:
Gold:   67         SH:  0    Dex:  9    Spells: 3/3 levels left

rFire   . . .      SeeInvis .    k - +1 short sword (antimagic)
rCold   . . .      Faith    .    c - +0 buckler
rNeg    . . .      Spirit   .    b - +0 scale mail
rPois   .          Reflect  +    (helmet restricted)
rElec   .          Rampage  .    (no cloak)
rCorr   .                        (no gloves)
Will    .....                    (no boots) Stlth
                                 h - amulet of reflection
HPRegen 0.26/turn                (no ring)
MPRegen 0.07/turn                (no ring)

@: confused
A: horns 2, retaliatory headbutt
a: no special abilities


You were on level 3 of the Dungeon.
You visited 1 branch of the dungeon, and saw 3 of its levels.

You collected 67 gold pieces.

Inventory:

Hand Weapons
 a - a +0 long sword
 k - a +1 antimagic short sword (weapon)
Armour
 b - a +0 scale mail (worn)
 c - a +0 buckler (worn)
 j - a +0 chain mail
Jewellery
 h - an amulet of reflection (around neck)
 l - an amulet of the acrobat
Scrolls
 g - a scroll of identify {unknown}
 m - a scroll of magic mapping
Potions
 d - a potion of might
 e - a potion of flight {unknown}
 f - a potion of curing
 i - 2 potions of heal wounds
 n - a potion of magic {unknown}


   Skills:
 * Level 4.5 Fighting
 * Level 1.4(2.3) Short Blades
 + Level 3.2(3.4) Long Blades
 * Level 4.2 Armour
 + Level 4.0 Shields


You had 3 spell levels left.
You didn't know any spells.
Your spell library was empty.

Dungeon Overview and Level Annotations

Branches:
Dungeon (3/15)

Altars:


Innate Abilities, Weirdness & Mutations

You have a pair of horns on your head.
You reflexively headbutt those who attack you in melee.


Message History

You hit the orc. You headbutt the orc.
You kill the orc!
Something hits you.
You closely miss the orc. You block the orc's attack.
Something hits you but does no damage.
You barely miss the orc. The orc barely misses you. You furiously retaliate!
You headbutt the orc. You block something's attack.
You hit the orc.
The orc is moderately wounded.
You block the orc's attack. Something hits you.
You closely miss the orc.
The orc is moderately wounded.
The orc hits you but does no damage. You block something's attack.
You hit the orc.
The orc is severely wounded.
You block the orc's attack.
You hear some strange, mumbled words.
You are confused.
You bump into the rock wall.
The orc hits you but does no damage.
You hear some strange, mumbled words.
You are more confused.
Something completely misses you.
You're too confused to move!
The orc hits you but does no damage. Something hits you but does no damage.
You barely miss something. The orc completely misses you.
Something hits you but does no damage.
You're too confused to move!
The orc hits you but does no damage. Something hits you but does no damage.
You closely miss something. Your headbutt misses something.
The orc hits you with a +0 flail.
* * * LOW HITPOINT WARNING * * *
Something hits you.
* * * LOW HITPOINT WARNING * * *
The orc barely misses you. Something hits you but does no damage.
You bump into the rock wall.
The orc hits you with a +0 flail.
* * * LOW HITPOINT WARNING * * *
You hear some strange, mumbled words.
A puff of flame appears from out of thin air!
The puff of flame hits you!
You die...

#....#
.............)..
##.###
.........#......
#.#
.........##.....
#.# ##.........
#..... #.#
#........ #.....
#.# #)#######
#..... #.#
#.)...# ####+#
#.# ######{o...#
#.... #.#
#.....@....#
#....
#.####.........##
#....
#..............#
#....
######.........#
#.... #....)....#
#.... #.........#
#.... #.........#
#... #.........#
#.........#


You could see an orc.

Vanquished Creatures
  A sleepcap (D:3)
  An adder (D:2)
  3 orcs (D:3)
  5 ball pythons
  A bat (D:1)
  8 endoplasms
  A giant cockroach (D:1)
  3 goblins
  3 hobgoblins
  3 jackals (D:2)
  A quokka (D:2)
  2 frilled lizards
  4 kobolds
  3 rats (D:1)
39 creatures vanquished.

Vanquished Creatures (others)
  21 plants (D:2)
21 creatures vanquished.

Grand Total: 60 creatures vanquished

Notes
Turn   | Place    | Note
-------+----------+-------------------------------------------
     0 | D:1      | hwolsky the Minotaur Fighter began the quest for the Orb.
     0 | D:1      | Reached XP level 1. HP: 19/19 MP: 0/0
    45 | D:1      | Found a faded altar of an unknown god.
   163 | D:1      | Reached XP level 2. HP: 27/27 MP: 1/1
  1283 | D:2      | Reached XP level 3. HP: 27/33 MP: 0/2
  2329 | D:3      | Reached skill level 1 in Short Blades
  2329 | D:3      | Reached XP level 4. HP: 24/41 MP: 1/3
  2480 | D:3      | Killed from afar by an orc wizard

Illustrated notes

Levels and vault maps discovered:
D:1:      erik_arrival_triangle_large, layout_loops_ring,
          hellmonk_ecumenical_altar_crossroads, chequers_arboretum,
          kennysheep_flooded_box, grunt_decor_cap, minmay_crystal_room,
          minmay_octomino_j4
D:2:      layout_basic, serial_bayou_pond_c
D:3:      layout_basic, lemuel_coloured_pillars_altar, due_unseen_surprise

Skill      XL: |  1  2  3 |
---------------+----------+-----
Fighting       | 4 |  4.5
Long Blades    | 3 |  3.2
Armour         | 4 |  4.2
Short Blades   | 1 |  1.4
Shields        | 4 |  4.0

Action                     |  1- 3 |  4- 6 || total
---------------------------+-------+-------++-------
  Melee: Long sword        |    22 |       ||    22
         Headbutt          |    26 |     4 ||    30
         Short sword       |   100 |    31 ||   131
    Use: Potion            |     4 |     1 ||     5
         Scroll            |     4 |       ||     4
 Armour: Scale mail        |    17 |    21 ||    38
  Dodge: Dodged            |    33 |    11 ||    44
  Block: Buckler           |    20 |    18 ||    38

Table legend: (Time is in decaauts)
 A = Elapsed time spent in this place.
 B = Non-inter-level travel time spent in this place.
 C = Inter-level travel time spent in this place.
 D = Time resting spent in this place.
 E = Time spent auto-exploring this place.
 F = Levels seen in this place.
 G = Mean time per level.
                   A        B        C        D        E       F      G
               +--------+--------+--------+--------+--------+-----+--------+
         Total |   2499 |   2458 |     41 |    148 |   1497 |   3 |  833.0 |
       Dungeon |   2499 |   2458 |     41 |    148 |   1497 |   3 |  833.0 |
               +--------+--------+--------+--------+--------+-----+--------+

Top non-repeatable levels by time:
     D:2: 1291 daAuts
     D:1: 871 daAuts
     D:3: 335 daAuts
